 Dungeon Crawl Stone Soup version 0.19-a0-1886-gd64a0f0 (webtiles) character file.

223252 Psiweapon the Sharpshooter (level 20, -2/142 HPs)
             Began as a Kobold Berserker on Oct 13, 2016.
             Was a High Priest of Trog.
             Slain by a short sword of electrocution (16 damage)
             ... on level 2 of the Elven Halls on Oct 16, 2016.
             The game lasted 05:25:50 (45002 turns).

Psiweapon the Sharpshooter (Kobold Berserker)      Turns: 45002, Time: 05:25:51

Health: -2/142     AC: 20    Str: 21    XL:     20   Next: 44%
Magic:  0/37       EV: 26    Int:  6    God:    Trog [*****.]
Gold:   1048       SH:  0    Dex: 20    Spells: 0 memorised, 19 levels left

rFire  + + +     SeeInvis .     a - +8 scimitar (flame)
rCold  + . .     Gourm    .     Y - +2 robe {rC+ rF+}
rNeg   . . .     Faith    .     (shield restricted)
rPois  +         Spirit   +     d - +0 helmet
rElec  .         Dismiss  .     h - +0 cloak
rCorr  .         Reflect  .     w - +2 pair of gloves "Fyhu" {rF+}
MR     ++++.     Harm     .     s - +2 pair of boots {run}
Stlth  +++++++...               C - amulet "Biriol" {Spirit MP+9}
                                r - ring "Segren" {MR+ AC+1 Str+4}
                                G - ring of Hoasi {rPois rF+ AC+2 Str+3 Dex-2}

@: about to teleport, very slightly contaminated, regenerating, hasted, very
quick
A: talons 1, icy blue scales 1, carnivore 3, dopey 1, robust 2, shaggy fur 1,
slow regeneration 1, weak 1
a: Berserk, Trog's Hand, Brothers in Arms, Burn Spellbooks, Renounce Religion


You were on level 2 of the Elven Halls.
You worshipped Trog.
Trog was extremely pleased with you.
You were full.

You visited 6 branches of the dungeon, and saw 32 of its levels.
You visited the Abyss 2 times.
You also visited: Labyrinth, Bailey and Ice Cave.

You collected 3236 gold pieces.
You spent 2188 gold pieces at shops.

Inventory:

Hand Weapons
 a - a +8 scimitar of flaming (weapon)
 b - a +4 arbalest of freezing
 i - the +9 staff of Wucad Mu {channel}
   (You took it off a hobgoblin in a bailey)
 l - a +5 blowgun
 x - a +5 long sword of freezing
 M - a +3 long sword of holy wrath
 W - a +2 dagger of speed
Missiles
 f - 9 needles of confusion
 B - 44 tomahawks of returning (quivered)
 H - 10 curare-tipped needles
 U - 8 needles of sleeping
 Z - 135 bolts
Armour
 d - a +0 helmet (worn)
 h - a +0 cloak (worn)
 s - a +2 pair of boots of running (worn)
 w - the +2 pair of gloves "Fyhu" (worn) {rF+}
   (You acquired it on level 5 of the Lair of Beasts)

   It protects you from fire.
 Y - a +2 robe of resistance (worn)
Rods
 n - a +0 rod of clouds (6/11)
   (You found it on level 2 of the Swamp)
 X - a +7 rod of inaccuracy (11/11)
   (You found it in a labyrinth)
Jewellery
 o - an uncursed ring of positive energy
 p - an uncursed ring of flight
 r - the ring "Segren" (right hand) {MR+ AC+1 Str+4}
   (You found it on level 2 of the Elven Halls)

   [ring of protection]

   It affects your AC (+1).
   It affects your strength (+4).
   It affects your resistance to hostile enchantments.
 u - an uncursed ring of protection from cold
 C - the amulet "Biriol" (around neck) {Spirit MP+9}
   (You bought it in a shop on level 2 of the Orcish Mines)

   [amulet of guardian spirit]

   It causes incoming damage to be split between your health and magic.
   It affects your magic capacity (+9).
 D - a +3 ring of slaying
 G - the ring of Hoasi (left hand) {rPois rF+ AC+2 Str+3 Dex-2}
   (You acquired it on level 3 of the Snake Pit)

   [ring of protection]

   It affects your AC (+2).
   It affects your strength (+3).
   It affects your dexterity (-2).
   It protects you from fire.
   It protects you from poison.
 R - a +4 ring of dexterity
Wands
 c - a wand of disintegration (17/24)
 k - a wand of iceblast (3/15)
 I - a wand of confusion (9/48)
 N - a wand of digging (7/24)
 S - a wand of teleportation (2/9)
Scrolls
 g - a scroll of magic mapping
 y - 6 scrolls of blinking
 J - 10 scrolls of teleportation
 L - 12 scrolls of remove curse
 P - 3 scrolls of identify
Potions
 e - 2 potions of invisibility
 m - 3 potions of agility
 q - 2 potions of magic
 t - 2 potions of cancellation
 z - 17 potions of curing
 E - 5 potions of resistance
 K - 4 potions of might
 O - a potion of ambrosia
Miscellaneous
 F - a disc of storms
 V - a fan of gales (inert)
Comestibles
 v - 15 royal jellies
 Q - 2 slices of pizza
 T - 20 meat rations


   Skills:
 + Level 10.6 Fighting
 - Level 10.8(16.4) Short Blades
 - Level 13.6(14.2) Long Blades
   Level 3.3 Maces & Flails
   Level 5.4(8.0) Slings
 + Level 18.1 Crossbows
 - Level 10.0(10.6) Throwing
 - Level 8.0 Armour
 - Level 12.8 Dodging
 - Level 16.4 Stealth
   Level 4.6 Shields
 - Level 11.8 Evocations


You had 19 spell levels left.
You didn't know any spells.

Dungeon Overview and Level Annotations

Branches:
Dungeon (15/15)            Temple (0/1) D:4            Lair (6/6) D:11
  Swamp (3/4) Lair:4        Snake (4/4) Lair:2        Slime (0/5) Lair:5
    Orc (2/2) D:9             Elf (2/3) Orc:2        Vaults (0/5) D:14
 Depths (0/5) D:15

Altars:
Ashenzari
Cheibriados
Dithmenos
Fedhas
Gozag
Kikubaaqudgha
Sif Muna
The Shining One
Beogh

Shops:
D:5 [   D:10 (   D:14 !   Orc:1 *   Orc:2 }=[:%*(:=   Elf:1 =   Elf:2 *
Snake:1 (   Snake:2 =}}   Snake:3 (

Portals:
Pandemonium: Orc:2

Annotations:
D:14 exclusion: downstairs
Swamp:1 GsBirdie's ghost, journeyman MiBe
Snake:2 2 exclusions


Innate Abilities, Weirdness & Mutations

You are small and have problems with some larger weapons.
You are carnivorous and can eat meat at any time.
You have sharp toenails.
You are partially covered in icy blue scales. (AC +2)
You are dopey. (Int -2)
You are very robust. (+20% HP)
You are covered in fur. (AC +1)
You regenerate slowly when monsters are visible.
You are weak. (Str -2)


Message History

You barely miss the short sword of electrocution.
The short sword of electrocution is moderately damaged.
The short sword of electrocution hits you.
* * * LOW HITPOINT WARNING * * *
You are electrocuted!
* * * LOW HITPOINT WARNING * * *
Unknown command.
You feel much better.
The deep elf archer blinks!
The short sword of electrocution hits you but does no damage.
You are electrocuted!
* * * LOW HITPOINT WARNING * * *
As you read the scroll of teleportation, it crumbles to dust.
You feel strangely unstable.
The short sword of electrocution hits you!
* * * LOW HITPOINT WARNING * * *
The deep elf archer blinks!
There is an open door here.
The short sword of electrocution hits you but does no damage.
You are electrocuted!
You die...

....##....###...........#......#
....##.....#.....)............##
..).###.....)................##
....# ##....##...##...##.....##
....# ##..####.####.####.....##
...#######################.....#
...##.##.).............##......#
##.......#.#.#.#.#.#.#.#......##
####.####.).)..@......#.....##
#.####.#..###(######.....##
#........##..(.#...'......##
#####.###..#.#.....#...'.......#
...##)##.....#ยง.e..{)..'......##
.....)##...#.#...))#...'.......#
...#..##.#...##..).#...'......##
####.....#.#..###)######)....## #
#.>......)..........#.....##


You could see 2 dancing weapons.

Vanquished Creatures
  Jorgrun (Swamp:3)
  A deep elf blademaster (Elf:2)
  Frances (Snake:2)
  A tentacled starspawn (Abyss:2)
  A thorn hunter (Swamp:3)
  Donald (Snake:1)
  2 nagarajas
  Roxanne (Swamp:3)
  A frost giant (IceCv)
  Aizul (Swamp:3)
  2 orc warlords
  Louise (Snake:1)
  Nessos (D:12)
  The ghost of drd the Protected, a journeyman DsBe of Trog (D:15)
  2 deep elf demonologists
  A deep elf annihilator (Elf:1)
  Azrael (D:14)
  The ghost of MrRokkomies the Transmogrifier, a journeyman FeEn of Fedhas (Elf:1)
  A deep elf death mage (Elf:1)
  A minotaur (Lab)
  A yaktaur captain (D:14)
  A great orb of eyes (Abyss:2)
  Josephine (Lair:5)
  10 hydras
  2 catoblepae
  Erica (D:8)
  5 centaur warriors
  8 naga warriors
  5 anacondas
  5 death yaks
  3 alligators
  An ogre mage (D:15)
  A tengu warrior (D:13)
  6 orc high priests
  3 naga sharpshooters
  22 dancing weapons
  3 shock serpents
  The ghost of drd the Martial Artist, a novice DsBe of Trog (D:9)
  7 deep elf knights
  Sonja (D:13)
  A salamander mystic (Snake:3)
  A torturous demonspawn (Orc:2)
  2 gelid demonspawn (Orc:2)
  8 skeletal warriors (D:15)
  5 unseen horrors
  2 swamp dragons
  A lindwurm (D:13)
  4 naga ritualists
  A glowing orange brain (D:15)
  2 spriggan druids
  4 hill giants
  8 deep elf archers
  10 orc knights
  11 mana vipers
  48 deep elf magi
  5 cyclopes
  8 orc sorcerers (Orc:2)
  9 salamanders
  A manticore (D:15)
  8 slime creatures
  The ghost of Cirk the Cruncher, a novice HEGl of Okawaru (D:5)
  7 elephants (Lair:5)
  6 ugly things
  3 large abominations (Abyss:2)
  30 black mambas
  15 naga magi
  3 guardian serpents
  A black mamba (shapeshifter) (D:14)
  An ice statue (IceCv)
  3 gargoyles
  A torpor snail (Lair:3)
  3 smoke demons
  21 spiny frogs
  A kobold demonologist (D:13)
  3 rime drakes
  4 centaur skeletons
  A tormentor (Abyss:2)
  A tengu conjurer (D:13)
  7 komodo dragons
  2 yaktaurs (D:14)
  2 efreet (D:15)
  A hellwing (Orc:2)
  2 red devils (Orc:2)
  A queen bee (D:11)
  10 trolls
  4 two-headed ogres (D:15)
  7 hornets
  21 polar bears
  13 hippogriffs
  10 dream sheep (Lair:6)
  A blink frog (shapeshifter) (D:15)
  11 blink frogs
  4 tyrant leeches
  2 bog bodies
  4 air elementals
  A tarantella (shapeshifter) (D:15)
  6 starcursed masses (Abyss:2)
  18 spriggans
  2 water elementals
  A shadow (Swamp:3)
  A ynoxinul (Abyss:2)
  A redback (Lair:6)
  A vampire (D:14)
  5 fire elementals
  3 wyverns
  59 yaks
  5 wraiths (Lair:5)
  3 basilisks
  A hungry ghost (D:14)
  A neqoxec (Orc:2)
  A steam dragon (D:13)
  12 vampire mosquitoes
  Edmund (D:4)
  6 wargs
  38 nagas
  2 soldier ants
  15 insubstantial wisps
  2 mottled dragons
  17 swamp worms
  5 hell hounds (D:14)
  11 porcupines
  14 water moccasins
  5 swamp drakes
  An ice beast (shapeshifter) (D:15)
  42 orc warriors
  An ice beast (D:13)
  8 black bears
  3 sky beasts
  An eye of draining (D:10)
  13 ogres
  A necrophage (D:12)
  3 boggarts (Lair:6)
  2 phantoms
  17 centaurs
  29 wolves
  6 crocodiles
  2 big kobolds
  Blork the orc (D:4)
  A gnoll sergeant (D:8)
  3 earth elementals (Elf:2)
  A wyvern zombie (D:13)
  23 bullfrogs
  2 wyvern skeletons
  4 scorpions
  6 wights
  36 killer bees
  An electric eel (Lair:4)
  A howler monkey (D:4)
  2 vampire bats (D:3)
  A centaur zombie (D:11)
  A lava snake (D:12)
  8 crimson imps
  7 hounds
  2 jellies
  29 orc priests
  An iron imp (D:9)
  Terence (D:3)
  Jessica (D:3)
  Ijyb (D:3)
  3 iguanas
  Natasha (D:3)
  18 orc wizards
  10 worker ants
  A small abomination (Abyss:2)
  A hound skeleton (D:7)
  17 adders
  12 gnolls
  3 howler monkey skeletons
  6 shadow imps
  2 oozes
  2 adder zombies
  2 worms
  A dart slug (D:2)
  2 leopard geckos
  67 orcs
  A ball python (D:3)
  10 bats
  3 bat skeletons (D:3)
  2 bat zombies (D:3)
  5 giant cockroaches
  11 goblins
  13 hobgoblins
  9 jackals
  3 quokkas
  4 frilled lizards
  33 kobolds
  2 quokka skeletons
  A quokka zombie (D:6)
  9 rats
1209 creatures vanquished.

Vanquished Creatures (collateral kills)
  Rupert (Orc:2)
  Agnes (Snake:1)
  A deep elf sorcerer (Elf:1)
  The ghost of Psiweapon the Cleaver, a journeyman HOFi of Makhleb (Lair:3)
  A dancing weapon (Elf:1)
  2 death yaks (Lair:4)
  2 deep elf knights (Elf:1)
  3 spriggans (Swamp:2)
  A deep elf archer (Elf:1)
  A shambling mangrove (Swamp:1)
  An ugly thing (D:13)
  2 black mambas (Snake:1)
  A spiny frog (Swamp:2)
  A red devil (Orc:2)
  3 hornets (Swamp:2)
  2 slime creatures (Swamp:2)
  4 yaks (Lair:3)
  A chaos spawn (Orc:2)
  A swamp worm (Swamp:2)
  2 nagas
  2 orc warriors (Orc:2)
  4 orc priests (Orc:2)
  9 orcs (Orc:2)
47 creatures vanquished.

Vanquished Creatures (others)
  Nikola (Elf:1)
  A deep elf demonologist (Elf:1)
  2 deep elf knights
  2 deep elf magi (Elf:1)
  A spiny frog (Lair:2)
  A guardian serpent (Snake:1)
  A centaur skeleton (D:15)
  A polar bear (IceCv)
  6 slime creatures (D:14)
  3 yaks (IceCv)
  2 swamp worms (Swamp:3)
  4 wolves (IceCv)
  A wyvern skeleton (D:14)
  9 fungi
  5 plants
  2 starspawn tentacles (Abyss:2)
42 creatures vanquished.

Grand Total: 1298 creatures vanquished

Notes
Turn   | Place    | Note
-------+----------+-------------------------------------------
     0 | D:1      | Psiweapon the Kobold Berserker began the quest for the Orb.
     0 | D:1      | Reached XP level 1. HP: 14/14 MP: 1/1
   352 | D:1      | Reached skill level 1 in Stealth
   379 | D:1      | Reached XP level 2. HP: 19/19 MP: 2/2
   475 | D:2      | Reached XP level 3. HP: 22/23 MP: 3/3
   602 | D:3      | Noticed Jessica
   609 | D:3      | Killed Jessica
   609 | D:3      | Reached skill level 5 in Short Blades
   609 | D:3      | Reached XP level 4. HP: 28/28 MP: 4/4
  1209 | D:2      | Reached ** piety under Trog
  1567 | D:3      | Reached XP level 5. HP: 26/32 MP: 5/5
  1732 | D:4      | Noticed Blork the orc
  1749 | D:4      | Killed Blork the orc
  1766 | D:3      | Noticed Ijyb
  1775 | D:3      | Killed Ijyb
  1775 | D:3      | Reached XP level 6. HP: 37/37 MP: 6/6
  2160 | D:3      | Noticed Terence
  2170 | D:3      | Killed Terence
  2329 | D:3      | Reached skill level 5 in Stealth
  2358 | D:3      | Reached XP level 7. HP: 38/41 MP: 7/7
  2475 | D:3      | Reached *** piety under Trog
  2579 | D:3      | Found an ancient bone altar of Kikubaaqudgha.
  2765 | D:3      | Noticed Natasha
  2772 | D:3      | Killed Natasha
  2999 | D:4      | Reached XP level 8. HP: 46/46 MP: 8/8
  3138 | D:5      | Entered Level 5 of the Dungeon
  3138 | D:5      | Noticed Cirk's ghost (novice HEGl)
  3158 | D:5      | Killed Cirk's ghost
  3158 | D:5      | Reached skill level 10 in Short Blades
  3542 | D:4      | Found a staircase to the Ecumenical Temple.
  3557 | D:4      | Noticed Edmund
  3574 | D:4      | Killed Edmund
  3574 | D:4      | Reached skill level 1 in Long Blades
  3587 | D:4      | Found a deep blue altar of Sif Muna.
  3618 | D:5      | Found Ibiet's Armour Boutique.
  3628 | D:6      | Reached XP level 9. HP: 48/51 MP: 9/9
  4584 | D:6      | Found a blossoming altar of Fedhas.
  4652 | D:6      | Reached skill level 1 in Maces & Flails
  4716 | D:6      | Found an opulent altar of Gozag.
  4799 | D:6      | Reached skill level 5 in Dodging
  4954 | D:6      | Received a gift from Trog
  5407 | D:6      | Reached skill level 10 in Stealth
  5915 | D:8      | Reached **** piety under Trog
  6056 | D:7      | Reached skill level 1 in Shields
  6056 | D:7      | Reached XP level 10. HP: 56/56 MP: 10/10
  6459 | D:7      | Reached skill level 1 in Slings
  6653 | D:8      | Noticed Erica
  6663 | D:8      | Killed Erica
  6790 | D:8      | Found a glowing golden altar of the Shining One.
  7044 | D:9      | Noticed drd's ghost (novice DsBe)
  7590 | D:9      | Noticed a hill giant
  7607 | D:9      | Killed a hill giant
  7632 | D:10     | Entered Level 10 of the Dungeon
  7668 | D:10     | Noticed a gargoyle
  7685 | D:10     | Killed a gargoyle
  7685 | D:10     | Reached skill level 5 in Slings
  7685 | D:10     | Reached skill level 10 in Dodging
  7685 | D:10     | Reached XP level 11. HP: 26/60 MP: 4/11
  8001 | D:10     | Found a flagged portal.
  8085 | Bailey   | Entered a bailey
  8090 | Bailey   | Noticed an orc warlord
  8134 | Bailey   | Noticed an orc knight
  8148 | Bailey   | Killed an orc knight
  8163 | Bailey   | Found a runed gate.
  8165 | Bailey   | Found a runed gate.
  8291 | Bailey   | Found a runed gate.
  8429 | Bailey   | Killed an orc warlord
  8429 | Bailey   | Reached skill level 5 in Fighting
  8463 | Bailey   | Reached skill level 5 in Long Blades
  8463 | Bailey   | Reached XP level 12. HP: 68/68 MP: 11/17
  8662 | D:10     | Identified a scroll of acquirement
  8691 | D:9      | Found a snail-covered altar of Cheibriados.
  8759 | D:9      | Found a staircase to the Orcish Mines.
  8772 | Orc:1    | Entered Level 1 of the Orcish Mines
  8784 | Orc:1    | Found a frozen archway.
  8803 | IceCv    | Entered an ice cave
  9480 | IceCv    | Noticed a death yak
  9525 | IceCv    | Killed a death yak
  9563 | IceCv    | Reached XP level 13. HP: 57/78 MP: 16/18
  9665 | IceCv    | Noticed a frost giant
 10172 | IceCv    | Killed a frost giant
 10185 | IceCv    | Identified the Incunabulum of Earth and Poison
 10401 | D:9      | Killed drd's ghost
 10401 | D:9      | Reached skill level 1 in Throwing
 10679 | D:10     | Found Udi Mus's Antique Weapon Boutique.
 11061 | D:9      | Found a shattered altar of Ashenzari.
 11435 | D:11     | Reached skill level 10 in Fighting
 11448 | D:11     | Found a staircase to the Lair.
 11525 | D:11     | Gained mutation: You occasionally shout uncontrollably at your foes. [mutagenic meat]
 11528 | D:11     | Gained mutation: You are weak. (Str -2) [mutagenic meat]
 11531 | D:11     | Gained mutation: You have sharp toenails. [mutagenic meat]
 11534 | D:11     | Lost mutation: You are weak. (Str -2) [mutagenic meat]
 11537 | D:11     | Gained mutation: Scrolls take you a little longer to read. [mutagenic meat]
 11540 | D:11     | Lost mutation: You occasionally shout uncontrollably at your foes. [mutagenic meat]
 11628 | Lair:1   | Entered Level 1 of the Lair of Beasts
 12607 | Lair:2   | Found a labyrinth entrance.
 12629 | Lab      | Entered a labyrinth
 12757 | Lab      | Noticed a minotaur
 12761 | Lab      | Killed a minotaur
 12773 | Lab      | Identified a +5 rod of inaccuracy (10/10) (You found it in a labyrinth)
 12775 | Lab      | Identified the +8 chain mail "Ujapn" {rF+} (You found it in a labyrinth)
 13202 | Lair:3   | Reached XP level 14. HP: 61/88 MP: 12/20
 13275 | Lair:2   | Found a staircase to the Snake Pit.
 14198 | Lair:3   | Reached ***** piety under Trog
 14286 | Lair:3   | Noticed Psiweapon's ghost (journeyman HOFi)
 14319 | Lair:3   | Killed Psiweapon's ghost
 14472 | Lair:4   | Got a pitted ring mail
 14478 | Lair:4   | Identified the +3 ring mail "Uriv" {rC+} (You found it on level 4 of the Lair of Beasts)
 14638 | D:11     | Reached skill level 10 in Evocations
 15201 | D:11     | Received a gift from Trog
 15308 | Orc:1    | Gained mutation: You are partially covered in icy blue scales. (AC +2) [potion of mutation]
 15308 | Orc:1    | Gained mutation: Scrolls take you longer to read. [potion of mutation]
 15309 | Orc:1    | Gained mutation: You are dopey. (Int -2) [potion of mutation]
 15309 | Orc:1    | Gained mutation: You are very dopey. (Int -4) [potion of mutation]
 15310 | Orc:1    | Gained mutation: Scrolls take you much longer to read. [potion of mutation]
 15310 | Orc:1    | Gained mutation: You are somewhat resistant to further mutation. [potion of mutation]
 15311 | Orc:1    | Lost mutation: You have sharp toenails. [potion of cure mutation]
 15311 | Orc:1    | Lost mutation: You are very dopey. (Int -4) [potion of cure mutation]
 15311 | Orc:1    | Lost mutation: You are somewhat resistant to further mutation. [potion of cure mutation]
 15311 | Orc:1    | Lost mutation: You are dopey. (Int -2) [potion of cure mutation]
 15311 | Orc:1    | Lost mutation: Scrolls take you much longer to read. [potion of cure mutation]
 15311 | Orc:1    | Lost mutation: Scrolls take you longer to read. [potion of cure mutation]
 15452 | Orc:1    | Found Faockimo's Assorted Antiques.
 15461 | Orc:1    | Bought a potion of heal wounds for 160 gold pieces
 15461 | Orc:1    | Bought a scroll labeled PEICOW PEPYT for 32 gold pieces
 15461 | Orc:1    | Bought a scroll of identify for 64 gold pieces
 15758 | Orc:1    | Found a roughly hewn altar of Beogh.
 15824 | Orc:2    | Entered Level 2 of the Orcish Mines
 15824 | Orc:2    | Found Icoodeps's Jewellery Emporium.
 15827 | Orc:2    | Found Tiatoj's Antique Armour Shop.
 15933 | Orc:2    | Bought a pair of glowing boots for 304 gold pieces
 15944 | Orc:2    | Identified a +0 pair of boots of running (You bought it in a shop on level 2 of the Orcish Mines)
 15964 | Orc:2    | Found a staircase to the Elven Halls.
 15977 | Orc:2    | Noticed Rupert
 15991 | Orc:2    | Killed Rupert
 16010 | Orc:2    | Bought the amulet "Biriol" {Spirit MP+9} for 555 gold pieces
 16439 | Orc:2    | Found Ecry's Gadget Boutique.
 16827 | D:12     | Noticed Nessos
 16844 | D:12     | Killed Nessos
 17003 | D:13     | Gained mutation: Your muscles are strong. (Str +2) [mutagenic meat]
 17032 | D:15     | Entered Level 15 of the Dungeon
 17032 | D:15     | Found a shadowy altar of Dithmenos.
 17048 | D:15     | Reached skill level 15 in Stealth
 17065 | D:15     | Noticed drd's ghost (journeyman DsBe)
 17082 | D:14     | Noticed Azrael
 17094 | D:14     | Reached XP level 15. HP: 73/93 MP: 23/23
 17144 | D:14     | Found a gate to the Vaults.
 17460 | D:14     | Reached skill level 1 in Crossbows
 17497 | D:14     | Reached skill level 2 in Crossbows
 17534 | D:14     | Killed Azrael
 17534 | D:14     | Reached skill level 3 in Crossbows
 17635 | D:13     | Reached skill level 4 in Crossbows
 17648 | D:13     | Noticed Sonja
 17672 | D:13     | Reached skill level 5 in Crossbows
 17701 | D:13     | Killed Sonja
 17730 | D:12     | Received a gift from Trog
 18348 | D:12     | Reached skill level 6 in Crossbows
 18946 | D:13     | Reached skill level 7 in Crossbows
 19132 | D:13     | Gained mutation: You are dopey. (Int -2) [mutagenic meat]
 19135 | D:13     | Lost mutation: Your muscles are strong. (Str +2) [mutagenic meat]
 19141 | D:13     | Gained mutation: You are covered in fur. (AC +1) [mutagenic meat]
 19338 | D:15     | Killed drd's ghost
 19528 | D:15     | Reached skill level 8 in Crossbows
 19700 | D:15     | Reached skill level 10 in Long Blades
 20167 | D:15     | Reached skill level 9 in Crossbows
 20167 | D:15     | Reached XP level 16. HP: 55/98 MP: 18/24
 20287 | D:15     | Gained mutation: You have sharp toenails. [potion of mutation]
 20415 | D:15     | Received a gift from Trog
 21065 | D:15     | Found a staircase to the Depths.
 21321 | D:14     | Found Ezajaowk's Distillery.
 21335 | D:14     | Bought a potion of curing for 45 gold pieces
 21335 | D:14     | Bought a potion of mutation for 37 gold pieces
 21335 | D:14     | Bought a potion of curing for 45 gold pieces
 21335 | D:14     | Bought a potion of heal wounds for 75 gold pieces
 21344 | D:14     | Lost mutation: Scrolls take you a little longer to read. [potion of mutation]
 21344 | D:14     | Gained mutation: Your spells are a little harder to cast, but a little more powerful. [potion of mutation]
 21344 | D:14     | Gained mutation: You are weak. (Str -2) [potion of mutation]
 21598 | D:14     | Received a gift from Trog
 21970 | Lair:3   | Reached skill level 10 in Crossbows
 22599 | Lair:5   | Received a gift from Trog
 22624 | Lair:6   | Entered Level 6 of the Lair of Beasts
 22846 | Lair:4   | Reached skill level 11 in Crossbows
 23667 | Lair:4   | Found a staircase to the Swamp.
 23909 | Lair:5   | Found a staircase to the Slime Pits.
 23930 | Lair:5   | Gained mutation: You are robust. (+10% HP) [potion of beneficial mutation]
 23979 | Lair:5   | Got a pair of pitted gloves
 23991 | Lair:5   | Identified the +2 pair of gloves "Fyhu" {rF+} (You acquired it on level 5 of the Lair of Beasts)
 24049 | Lair:5   | Received a gift from Trog
 24108 | Lair:5   | Noticed Josephine
 24188 | Lair:5   | Killed Josephine
 25059 | Lair:6   | Reached skill level 12 in Crossbows
 25386 | Lair:6   | Received a gift from Trog
 25910 | Lair:6   | Reached XP level 17. HP: 102/113 MP: 25/25
 26804 | Lair:6   | Reached skill level 13 in Crossbows
 27321 | Orc:2    | Found Dikhlyhie's General Store.
 27322 | Orc:2    | Found Yphes's Food Shoppe.
 27341 | Orc:2    | Received a gift from Trog
 27431 | Orc:2    | Bought a potion of curing for 33 gold pieces
 27431 | Orc:2    | Bought a scroll of identify for 22 gold pieces
 27490 | Orc:2    | Lost mutation: Your spells are a little harder to cast, but a little more powerful. [a neqoxec]
 27496 | Orc:2    | Gained mutation: You regenerate slowly when monsters are visible. [a neqoxec]
 27796 | Orc:2    | Found Wogeghec's Book Boutique.
 28792 | Orc:2    | Found Eshreh's Antique Weapon Boutique.
 28792 | Orc:2    | Found a one-way gate leading to the halls of Pandemonium.
 28792 | Orc:2    | Found Qucef's Book Shop.
 28813 | Orc:2    | Bought a brightly glowing dagger for 182 gold pieces
 28822 | Orc:2    | Identified the +3 dagger of the Bouncing Ships {vamp, Str+2} (You bought it in a shop on level 2 of the Orcish Mines)
 29010 | Orc:2    | Found Tuef's Jewellery Emporium.
 29393 | D:5      | Bought a +2 leather armour of poison resistance for 192 gold pieces
 29597 | Swamp:1  | Entered Level 1 of the Swamp
 30682 | Swamp:1  | Noticed GsBirdie's ghost (journeyman MiBe)
 31314 | Swamp:2  | Identified a +0 rod of clouds (11/11) (You found it on level 2 of the Swamp)
 31676 | Swamp:3  | Noticed a thorn hunter
 31685 | Swamp:3  | Killed a thorn hunter
 31842 | Swamp:2  | Reached XP level 18. HP: 118/118 MP: 26/26
 31986 | Swamp:3  | Noticed Jorgrun
 32015 | Swamp:3  | Killed Jorgrun
 32268 | Swamp:3  | Upgraded the game from 0.19-a0-1870-gc32fe5a to 0.19-a0-1879-gd95bc26
 32304 | Swamp:3  | Got a twisted ring mail
 32500 | Swamp:3  | Upgraded the game from 0.19-a0-1879-gd95bc26 to 0.19-a0-1886-gd64a0f0
 32554 | Swamp:3  | Noticed Roxanne
 32575 | Swamp:3  | Reached skill level 5 in Armour
 32581 | Swamp:3  | Killed Roxanne
 32581 | Swamp:3  | Received a gift from Trog
 32638 | Swamp:3  | Identified the +3 ring mail "Raframy" {*Corrode rF+ Str+8 Dex-3} (You found it on level 3 of the Swamp)
 32757 | Swamp:3  | Noticed Aizul
 32766 | Swamp:3  | Killed Aizul
 33212 | Snake:1  | Entered Level 1 of the Snake Pit
 33256 | Snake:1  | Noticed Agnes
 33272 | Snake:1  | Killed Agnes
 33627 | Snake:1  | Noticed Donald
 33652 | Snake:1  | Killed Donald
 34351 | Snake:1  | Found Kuyhag's Weapon Shop.
 34440 | Snake:1  | Received a gift from Trog
 34563 | Snake:2  | Found a shadowy altar of Dithmenos.
 34574 | Snake:2  | Noticed Frances
 34989 | Snake:1  | Noticed Louise
 35006 | Snake:1  | Cast into level 2 of the Abyss (Louise)
 35048 | Snake:1  | Escaped the Abyss
 35053 | Snake:1  | Killed Louise
 35238 | Snake:2  | Reached skill level 14 in Crossbows
 35445 | Snake:2  | Received a gift from Trog
 35937 | Snake:2  | Killed Frances
 36248 | Snake:2  | Found Johes's Jewellery Boutique.
 36248 | Snake:2  | Found Ryegoqes's Gadget Shoppe.
 36249 | Snake:2  | Found Zitott's Gadget Shoppe.
 36541 | Snake:4  | Entered Level 4 of the Snake Pit
 36586 | Snake:3  | Received a gift from Trog
 36888 | Snake:3  | Got a vibrating lead ring
 36889 | Snake:3  | Identified the ring of Hoasi {rPois rF+ AC+2 Str+3 Dex-2} (You acquired it on level 3 of the Snake Pit)
 37166 | Snake:3  | Reached skill level 15 in Crossbows
 37198 | Snake:3  | Reached XP level 19. HP: 116/124 MP: 27/27
 37970 | Snake:3  | Received a gift from Trog
 37980 | Snake:3  | Found Zirobb's Antique Weapon Shoppe.
 38679 | Snake:1  | Bought a +5 blowgun for 442 gold pieces
 39453 | Elf:1    | Entered Level 1 of the Elven Halls
 39470 | Elf:1    | Noticed Nikola
 39486 | Elf:1    | Noticed a Tzitzimitl
 39487 | Elf:1    | Killed Nikola
 39490 | Elf:1    | Reached skill level 16 in Crossbows
 39493 | Elf:1    | Reached skill level 5 in Throwing
 39530 | Elf:1    | Received a gift from Trog
 39547 | Elf:1    | Noticed MrRokkomies's ghost (journeyman FeEn)
 39800 | Elf:1    | Killed MrRokkomies's ghost
 40074 | Elf:1    | Found Qeakk's Jewellery Emporium.
 40726 | Elf:1    | Received a gift from Trog
 41143 | Elf:1    | Cast into level 2 of the Abyss (a deep elf demonologist)
 41182 | Abyss:2  | Gained mutation: You are very robust. (+20% HP) [potion of beneficial mutation]
 41232 | Abyss:2  | Received a gift from Trog
 41234 | Abyss:2  | Paralysed by a great orb of eyes for 4 turns
 41247 | Abyss:2  | Paralysed by a great orb of eyes for 4 turns
 41644 | Abyss:2  | Found a sacrificial altar of Ru.
 41681 | Elf:1    | Escaped the Abyss
 41805 | Elf:1    | Reached skill level 17 in Crossbows
 42364 | Elf:1    | Received a gift from Trog
 42504 | Elf:2    | Reached XP level 20. HP: 95/141 MP: 27/28
 42779 | Elf:2    | Received a gift from Trog
 43128 | Elf:2    | Got a sparkling silver ring
 43129 | Elf:2    | Identified the ring "Segren" {MR+ AC+1 Str+4} (You found it on level 2 of the Elven Halls)
 43272 | Elf:2    | Found a huge runed gate.
 43273 | Elf:2    | Found a huge runed gate.
 43273 | Elf:2    | Found a huge runed gate.
 43275 | Elf:2    | Found a huge runed gate.
 43275 | Elf:2    | Found a huge runed gate.
 43359 | Elf:2    | Found Ofacyel's Assorted Antiques.
 44535 | Elf:2    | Reached skill level 18 in Crossbows
 44713 | Elf:2    | Reached skill level 10 in Throwing
 44997 | Elf:2    | HP: 7/142 [short sword of electrocution (10)]
 45002 | Elf:2    | Slain by a short sword of electrocution

Vault maps used:
D:1:      evilmike_arrival_run_for_it, minmay_misc_feat_nine_boxes
D:3:      minmay_diamond_boxcup, kennysheep_vampire_church, uniq_terence,
          uniq_iyjb, uniq_jessica, uniq_natasha
D:4:      lemuel_coloured_pillars_altar, uniq_blork_the_orc, uniq_edmund
D:5:      serial_shops, shop, first_bread
D:6:      fedhas_bush_and_centaur_altar, kennysheep_little_box,
          minmay_misc_feat_rows
D:7:      dk_noncrumbling_4
D:8:      overflow_temple_1_default, uniq_erica
D:9:      slow_altar_1, cheibrodos_ashenzari_chains, hiddenorc1_lemuel
D:10:     enter_bailey_8, serial_shops, shop
D:11:     erik_lair_orcish_takeover
D:12:     uniq_nessos
D:13:     lemuel_flame_loot_2, uniq_sonja
D:14:     david_vaults_2, serial_shops, shop, serial_glass, glass_columns_a,
          glass_columns_a, glass_columns_c, glass_columns_b, glass_columns_b,
          glass_columns_c, uniq_azrael
D:15:     gammafunk_enter_depths_forms, roderic_roman_lattice,
          hangedman_decor_peaks_small, grunt_dithmenos_smoke
Lair:1:   st_stairs_6, grunt_megastairs_2
Lair:2:   beast_lair_carwin_large_1, guppyfry_snake_entry_garden,
          lab_entry_generic
Lair:3:   serial_bayou_ford_a
Lair:4:   nicolae_swamp_entry_splash_gauntlet
Lair:5:   slime_dummy, grunt_forest_small_clearing_treed, uniq_josephine
Lair:6:   minmay_lair_end_enchanted_forest, serial_bayou_shore_a
Swamp:1:  hangedman_swamp_diagram
Swamp:2:  evilmike_swamp_ruin_house_2
Swamp:3:  evilmike_swamp_ruin_rubble_2, swamp_pool2, uniq_aizul, uniq_roxanne,
          uniq_jorgrun
Snake:1:  hangedman_cross_stitches, serial_shops, shop, grunt_ministairs_2,
          uniq_louise, uniq_donald, uniq_agnes
Snake:2:  kennysheep_six_static_rooms, basic_altar, minmay_shop_grove,
          uniq_frances
Snake:3:  serial_shops, nicolae_shop_trees
Snake:4:  johnstein_snake_rune_scales, statue_in_the_mist_lemuel
Orc:1:    portal_ice_cave_entry_pillars_2, serial_shops, shop,
          lemuel_statue_altar
Orc:2:    pf_orc_diabolical, serial_shops, nicolae_shop_window_shopping,
          nicolae_shop_crystal, shop, nicolae_shop_stone, shop,
          elves_outpost_lemuel, uniq_rupert
Elf:1:    minmay_elf_arrival_plus, minivault_28, minmay_shop_star, uniq_nikola
Elf:2:    serial_shops, shop, special_room
Abyss:2:  guppyfry_abyss_exit_imp_island, hangedman_abyss_sting, minivault_26
Lab:      labyrinth_lava_lair, nicolae_lab_swirl, labyrinth_glass_1
Bailey:   bailey_axe_bossmonster_kennysheep, bailey
IceCv:    ice_cave_caverns_02

Skill      XL: |  1  2  3  4  5  6  7  8  9 10 11 12 13 14 15 16 17 18 19 20 |
---------------+-------------------------------------------------------------+-----
Stealth        | 1 2 3 4 5 6 8 10 11 15 16 | 16.4
Short Blades   | 5 6 7 8 9 10 | 10.8
Long Blades    | 1 2 5 7 9 10 11 13 | 13.6
Dodging        | 3 6 10 11 12 | 12.8
Maces & Flails | 3 |  3.3
Shields        | 1 2 4 |  4.6
Slings         | 5 |  5.4
Fighting       | 5 8 10 | 10.6
Evocations     | 7 8 11 | 11.8
Throwing       | 3 8 10 | 10.0
Crossbows      | 9 12 13 15 17 18 | 18.1
Armour         | 4 8 |  8.0

Action                   |  1- 3 |  4- 6 |  7- 9 | 10-12 | 13-15 | 16-18 | 19-21 || total
-------------------------+-------+-------+-------+-------+-------+-------+-------++-------
Melee: Short sword       |    26 |   119 |       |       |       |       |       ||   145
       Falchion          |       |    22 |       |       |       |       |       ||    22
       Scimitar          |       |    37 |   172 |   380 |   888 |   977 |   372 ||  2826
       Dagger            |       |       |    62 |    22 |   119 |    67 |    19 ||   289
       Whip              |       |       |    36 |       |       |       |       ||    36
       Flail             |       |       |    14 |     3 |       |       |       ||    17
       Kick              |       |       |       |       |     9 |       |       ||     9
       Long sword        |       |       |       |       |       |    59 |    46 ||   105
 Fire: Hunting sling     |       |    12 |    19 |    33 |     6 |       |       ||    70
       Arbalest          |       |       |       |       |    73 |   492 |   281 ||   846
Throw: Stone             |       |       |     1 |       |       |       |       ||     1
       Tomahawk          |       |       |       |     2 |    25 |     4 |    22 ||    53
Invok: Trog's Hand       |       |     4 |     9 |    18 |    27 |    20 |    11 ||    89
       Berserk           |       |     2 |     6 |     5 |     8 |       |       ||    21
       Burn Spellbooks   |       |       |       |     1 |     4 |     5 |     1 ||    11
       Brothers in Arms  |       |       |       |     2 |     5 |    10 |     4 ||    21
Evoke: Wand              |       |       |     1 |     1 |     9 |     3 |     8 ||    22
       Staff of Wucad Mu |       |       |       |    40 |    60 |    16 |    12 ||   128
       Rod               |       |       |       |       |    33 |    31 |    18 ||    82
       Disc of storms    |       |       |       |       |     3 |     4 |       ||     7
       Phial of floods   |       |       |       |       |       |     1 |     1 ||     2
       Fan of gales      |       |       |       |       |       |     2 |     1 ||     3
  Use: Scroll            |     2 |     4 |     5 |     8 |    23 |    18 |     8 ||    68
       Potion            |       |       |       |     9 |     9 |     6 |     4 ||    28
 Stab: Sleeping          |     5 |     6 |    23 |    12 |    60 |    47 |    16 ||   169
       Distracted        |       |     1 |     2 |     3 |     5 |     5 |     1 ||    17
       Confused          |       |       |       |       |     3 |       |       ||     3
  Eat: Chunk             |     7 |     8 |    25 |    22 |    71 |    53 |    34 ||   220
       Pizza             |       |       |       |       |     1 |     2 |       ||     3
       Beef jerky        |       |       |       |       |       |     4 |     1 ||     5
       Meat ration       |       |       |       |       |       |     1 |       ||     1
Armor: Animal skin       |     1 |    13 |       |       |       |       |       ||    14
       Leather armour    |       |    18 |       |       |       |    37 |       ||    55
       Robe              |       |       |    35 |    38 |   116 |   122 |    93 ||   404
       Troll leather arm |       |       |       |       |    26 |       |       ||    26
Dodge: Dodged            |    11 |   135 |   192 |   473 |  1102 |  1179 |   449 ||  3541
Block: Buckler           |       |    67 |   114 |   116 |     1 |       |       ||   298
       Rpst.: Falchion   |       |     9 |       |       |       |       |       ||     9
       Scimitar          |       |    10 |    51 |   107 |   243 |   227 |    69 ||   707
       Long sword        |       |       |       |       |       |    12 |    11 ||    23
